 Dungeon Crawl Stone Soup version 0.27.1-2-g3b301248ec (webtiles) character file.

Game seed: 9573789199187330531

385 ke11ybean the Poker (level 6, 0/50 HPs)
             Began as a Merfolk Berserker on Sept 29, 2021.
             Was a Believer of Trog.
             Slain by an orc (3 damage)
             ... on level 3 of the Dungeon.
             The game lasted 00:31:03 (3437 turns).

ke11ybean the Poker (Merfolk Berserker)             Turns: 3437, Time: 00:31:04

Health: 0/50       AC:  6    Str: 19    XL:     6   Next: 77%
Magic:  6/6        EV: 11    Int:  7    God:    Trog [**....]
Gold:   133        SH:  0    Dex: 13    Spells: 5/5 levels left

rFire    . . .     SeeInvis .   n - +0 scythe
rCold    . . .     Faith    .   (shield currently unavailable)
rNeg     . . .     Spirit   .   l - +0 scale mail
rPois    .         Reflect  .   (no helmet)
rElec    .         Harm     .   (no cloak)
rCorr    .         Rampage  .   (no gloves)
Will     ++...                  (no boots)
Stlth    ..........             (no amulet)
HPRegen  1.16/turn              (no ring)
MPRegen  0.10/turn              (no ring)

@: strong-willed, on berserk cooldown, regenerating, slowed, very slow
A: (nimble swimmer 2), mertail
a: Renounce Religion, Berserk, Trog's Hand


You were on level 3 of the Dungeon.
You worshipped Trog.
Trog was pleased with you.
You visited 1 branch of the dungeon, and saw 4 of its levels.

You collected 133 gold pieces.

Inventory:

Hand Weapons
 a - a +0 spear
 k - a +0 hunting sling
 n - a +0 scythe (weapon)
Armour
 b - a +0 animal skin
 e - a +0 kite shield
 i - a +0 plate armour
 l - a +0 scale mail (worn)
Scrolls
 c - a scroll of blinking {unknown}
 d - 2 scrolls of torment {unknown}
 g - 2 scrolls of identify
 h - a scroll of enchant armour {unknown}
 m - a scroll of amnesia {unknown}
 p - a scroll of silence {unknown}
 r - a scroll of fear {unknown}
Potions
 f - 2 potions of curing {unknown}
 j - 3 potions of flight
 o - a potion of magic {unknown}
 q - a potion of heal wounds {unknown}


   Skills:
 + Level 4.9 Fighting
 * Level 6.7 Polearms
 + Level 2.7 Armour
 + Level 5.0 Dodging


You had 5 spell levels left.
You didn't know any spells.
Your spell library was empty.

Dungeon Overview and Level Annotations

Branches:
Dungeon (4/15)
 Temple: D:4-7

Altars:


Innate Abilities, Weirdness & Mutations

((You are quick and stealthy near water. (Stealth+, EV+, Speed+++)))
Your lower body shifts to a powerful aquatic tail in water.


Message History

Done exploring.
You see here a hobgoblin corpse.
There is a stone staircase leading down here.
You climb downwards.
The orc shouts!
The orc priest shouts!
The orc shouts!
Found a runed long sword.
There is a stone staircase leading up here.
The orc priest calls down the wrath of Beogh upon you.
Beogh smites you!
A red film seems to cover your vision as you go berserk!
You feel yourself moving faster!
You feel mighty!
You closely miss the orc. The orc hits you with a +0 flail.
The orc hits you with a +2 vorpal hand axe.
You barely miss the orc. The orc hits you with a +0 flail.
The orc hits you with a +2 vorpal hand axe.
You slice the orc!!
You kill the orc!
Trog accepts your kill. The orc closely misses you. x2
The orc priest calls down the wrath of Beogh upon you.
Beogh smites you!
You closely miss the orc. The orc hits you but does no damage.
The orc hits you with a +2 vorpal hand axe.
* * * LOW HITPOINT WARNING * * *
x2 The orc priest hits you with a +0 flail.
* * * LOW HITPOINT WARNING * * *
There is a stone staircase leading up here.
You feel a strong urge to attack something.
The orc priest mumbles some strange prayers to Beogh against you.
Beogh smites you!
* * * LOW HITPOINT WARNING * * *
You climb upwards.
You are no longer berserk.
You are exhausted.
You feel yourself slow down.
There is a stone staircase leading down here.
Your skin crawls.
You feel strong-willed.
The orc barely misses you. x2; The orc hits you with a +0 flail.
You die...

#########################
#.......o............†...
#.######@o.........######
#.# #.#########.# #.#
####'#### #.# #.#
#.......# ##.###### #.#
#.......# #........ #.#
#.......# #........ #.#
#.......#####........ #.#
####'####.......##### #.#
##.####.......# ###


You could see 2 orcs.

Vanquished Creatures
  Sigmund (D:2)
  2 orc priests (D:3)
  Crazy Yiuf (D:2)
  An orc wizard (D:3)
  3 adders
  3 dart slugs
  6 orcs
  4 endoplasms
  5 giant cockroaches
  4 goblins
  9 hobgoblins
  8 jackals
  4 kobolds (D:1)
  3 quokkas
  3 ball pythons
  5 bats
  5 frilled lizards
  9 rats
76 creatures vanquished.

Vanquished Creatures (others)
  3 plants (D:3)
3 creatures vanquished.

Grand Total: 79 creatures vanquished

Notes
Turn   | Place    | Note
-------+----------+-------------------------------------------
     0 | D:1      | ke11ybean the Merfolk Berserker began the quest for the
                  | Orb.
     0 | D:1      | Reached XP level 1. HP: 18/18 MP: 1/1
   114 | D:1      | Reached XP level 2. HP: 10/24 MP: 2/2
   344 | D:1      | Found a faded altar of an unknown god.
   425 | D:1      | Reached XP level 3. HP: 29/29 MP: 3/3
   557 | D:1      | Reached ** piety under Trog
   758 | D:1      | Reached skill level 5 in Polearms
  1324 | D:2      | Reached XP level 4. HP: 36/37 MP: 4/4
  1438 | D:2      | Found a runed translucent door.
  1439 | D:2      | Noticed Crazy Yiuf
  1589 | D:2      | Noticed Sigmund
  1596 | D:2      | Killed Sigmund
  1597 | D:2      | Reached skill level 6 in Polearms
  1597 | D:2      | Reached XP level 5. HP: 43/43 MP: 5/5
  1597 | D:2      | Reached XP level 6. HP: 49/49 MP: 6/6
  1798 | D:2      | Killed Crazy Yiuf
  2187 | D:3      | HP: 2/49 [something/magic dart (7)]
  2550 | D:3      | Reached skill level 5 in Dodging
  3435 | D:4      | HP: 2/75 [orc priest/divine providence (14)]
  3437 | D:3      | Slain by an orc

Illustrated notes

Levels and vault maps discovered:
D:1:      amcnicky_arrival_single_pillar, layout_loops_ring,
          hellmonk_ecumenical_altar_heavens_door
D:2:      layout_basic, minmay_tripent, uniq_crazy_yiuf_cottage, uniq_sigmund
D:3:      layout_basic, st_stairs_1, minmay_misc_feat_room,
          guppyfry_early_lair_pool
D:4:      minmay_thinvault, layout_gridville, minmay_temple_entry_antechambers,
          grunt_ministairs_15, minmay_crossroads

Skill      XL: |  1  2  3  4  5  6 |
---------------+-------------------+-----
Dodging        | 3 4 5 |  5.0
Polearms       | 5 6 |  6.7
Fighting       | 4 |  4.9
Armour         | 2 |  2.7

Action                   |  1- 3 |  4- 6 || total
-------------------------+-------+-------++-------
Melee: Spear             |   135 |    26 ||   161
       Scythe            |       |    80 ||    80
Invok: Berserk           |     2 |     5 ||     7
       Trog's Hand       |       |     1 ||     1
  Use: Potion            |       |     2 ||     2
       Scroll            |       |     1 ||     1
 Stab: Sleeping          |     2 |       ||     2
       Distracted        |     1 |       ||     1
Armor: Animal skin       |    15 |       ||    15
       Plate armour      |    10 |       ||    10
       Scale mail        |       |    34 ||    34
Dodge: Dodged            |    55 |    68 ||   123
